 Dungeon Crawl Stone Soup version 0.22.1-5-g62c59d9 (webtiles) character file.

42077 Kairos the Severer (level 14, -4/74 HPs)
             Began as a Vine Stalker Fighter on Jan 15, 2019.
             Was the Champion of Okawaru.
             Killed from afar by a guardian serpent (15 damage)
             ... with a bolt of poison
             ... on level 6 of the Lair of Beasts.
             The game lasted 00:36:31 (15069 turns).

Kairos the Severer (Vine Stalker Fighter)          Turns: 15069, Time: 00:36:31

Health: -4/74      AC: 20    Str: 31    XL:     14   Next: 18%
Magic:  0/17       EV: 11    Int: 16    God:    Okawaru [******]
Gold:   418        SH: 19    Dex: 14    Spells: 13/13 levels left

rFire    . . .     SeeInvis .   x - +9 broad axe (flame)
rCold    + . .     Gourm    .   c - +1 shield
rNeg     + . .     Faith    .   G - +2 scale mail {rC+}
rPois    .         Spirit   +   p - +1 hat of Xuwux {rN+ MR- Str+3 Int+8}
rElec    .         Reflect  +   (no cloak)
rCorr    .         Harm     .   S - +2 pair of gloves {archery}
MR       .....                  P - +0 pair of boots (curse)
Stlth    +.........             j - +5 amulet of reflection
HPRegen  1.02/turn              w - +4 ring of strength
MPRegen  0.15/turn              t - +5 ring of protection

@: lethally poisoned (-4 -> -5), slowed, very slow
A: fangs 3, regeneration 2, magic shield, antimagic bite, no potion heal 3, rot
immunity
a: Heroism, Finesse, Renounce Religion


You were on level 6 of the Lair of Beasts.
You worshipped Okawaru.
Okawaru was exalted by your worship.
You were not hungry.

You visited 3 branches of the dungeon, and saw 18 of its levels.
You also visited: Ossuary.

You collected 748 gold pieces.
You spent 330 gold pieces at shops.

Inventory:

Hand Weapons
 x - a +9 broad axe of flaming (weapon)
 J - the +4 spear "Jozogemi" {pierce, +Fly rF+ Int-3 SInv}
   (You found it on level 7 of the Dungeon)

   It inflicts extra damage upon your enemies.
   It affects your intelligence (-3).
   It protects you from fire.
   It lets you see invisible.
   It lets you fly.
Armour
 c - a +1 shield (worn)
 o - a +0 helmet
 p - the +1 hat of Xuwux (worn) {rN+ MR- Str+3 Int+8}
   (Okawaru gifted it to you on level 6 of the Lair of Beasts)

   It affects your strength (+3).
   It affects your intelligence (+8).
   It protects you from negative energy.
   It affects your resistance to hostile enchantments.
 G - a +2 scale mail of cold resistance (worn)
 P - a cursed +0 pair of boots (worn)
 S - a +2 pair of gloves of archery (worn)
Jewellery
 g - an uncursed ring of poison resistance
 j - a +5 amulet of reflection (around neck)
 l - an uncursed ring of protection from cold
 t - a +5 ring of protection (right hand)
 w - a +4 ring of strength (left hand)
 D - an uncursed ring of resist corrosion
 N - an uncursed ring of positive energy
Wands
 b - a wand of scattershot (9)
 v - a wand of iceblast (7)
 F - a wand of random effects (54)
 Q - a wand of acid (16)
 V - a wand of polymorph (6)
 Y - a wand of paralysis (14)
Scrolls
 a - 2 scrolls of blinking {unknown}
 k - 4 scrolls of remove curse
 m - 3 scrolls of immolation
 n - 10 scrolls of teleportation
 q - 3 scrolls of identify
 r - 3 scrolls of fog
 y - a scroll of magic mapping
 R - 3 scrolls of fear
Potions
 d - 2 potions of might
 e - 5 potions of haste
 h - 4 potions of curing
 i - 2 potions of resistance
 u - 2 potions of invisibility
 z - a potion of mutation
 B - 6 potions of heal wounds {unknown}
 I - 3 potions of agility {unknown}
 K - a potion of cancellation {unknown}
 L - 2 potions of ambrosia {unknown}
 O - a potion of lignification {unknown}
 T - 2 potions of berserk rage {unknown}
 U - a potion of flight {unknown}
Comestibles
 f - 31 rations


   Skills:
 + Level 8.8 Fighting
 + Level 15.5 Axes
 + Level 0.7(10.4) Polearms
 + Level 6.5 Armour
 + Level 4.0 Dodging
 + Level 2.6 Stealth
 + Level 9.8 Shields
 * Level 3.7 Invocations


You had 13 spell levels left.
You didn't know any spells.
Your spell library contained the following spells:

 Spells                   Type           Power        Failure   Level  Hunger
 Animate Skeleton         Necr           N/A          67%         1    ##.....
 Confusing Touch          Hex            #.....       67%         1    ##.....
 Magic Dart               Conj           #...         67%         1    ##.....
 Pain                     Necr           #...         67%         1    ##.....
 Blink                    Tloc           N/A          80%         2    ###....
 Call Imp                 Summ           #.......     80%         2    ###....
 Poisonous Vapours        Pois/Air       #.....       80%         2    ###....
 Slow                     Hex            #.......     80%         2    ###....
 Confuse                  Hex            #.......     95%         3    ####...
 Conjure Flame            Conj/Fire      #.......     95%         3    ####...
 Gell's Gravitas          Tloc           #.........   95%         3    ####...
 Mephitic Cloud           Conj/Pois/Air  #.......     95%         3    ####...
 Regeneration             Chrm/Necr      #.........   95%         3    ####...
 Vampiric Draining        Necr           #.........   95%         3    ####...
 Animate Dead             Necr           N/A          100%        4    #####..
 Petrify                  Tmut/Erth      #.......     100%        4    #####..
 Metabolic Englaciation   Hex/Ice        #.........   100%        5    ######.
 Yara's Violent Unravell  Hex/Tmut       #.........   100%        5    ######.
 Freezing Cloud           Conj/Ice/Air   #.........   100%        6    #######
 Ring of Flames           Chrm/Fire      #.........   100%        7    #######


Dungeon Overview and Level Annotations

Branches:
Dungeon (11/15)            Temple (1/1) D:5            Lair (6/6) D:11
  Swamp (0/4) Lair:2       Spider (0/4) Lair:2        Slime (0/5) Lair:6
    Orc (0/2) D:9

Altars:
Ashenzari
Cheibriados
Dithmenos
Fedhas
Gozag
Hepliaklqana
Kikubaaqudgha
Makhleb
Nemelex Xobeh
Okawaru
Qazlal
Ru
Trog
Uskayaw
Vehumet
Wu Jian
Xom
Yredelemnul
Zin
The Shining One

Shops:
D:11 ?


Innate Abilities, Weirdness & Mutations

You have razor-sharp teeth.
You heal very quickly.
When hurt, damage is shared between your health and your magic reserves.
Your bite disrupts and absorbs the magic of your enemies.
Potions cannot restore your health.
You are immune to rotting.


Message History

You are more poisoned.
* * * LOW HITPOINT WARNING * * *
You block the guardian serpent's attack.
You miss the guardian serpent. You bite the guardian serpent!
The guardian serpent's magic leaks into the air.
You drain its magic.
You feel invigorated.
The guardian serpent is lightly wounded.
You slice the fungus!! You burn the fungus!
You feel sick. The guardian serpent hits you!
* * * LOW HITPOINT WARNING * * *
The guardian serpent casts a spell at you.
The bolt of poison hits you!
You are more poisoned.
* * * LOW HITPOINT WARNING * * *
Your system rejects the healing.
You feel better.
You block the guardian serpent's attack.
The guardian serpent coils itself and waves its upper body at you.
The bolt of poison hits you!
You are poisoned.
You die...

##...###....##..#
##......###...##.#
#......P..###(.###
##.....P....####
##..........
#P..P.......
#P....P....#
##.......### #
#.@....### #
#PS..### ###
#....# #.. ##.....
##.. #...P.. ##
#... #......##...
##... ##....##....
#....
#...##....##....
......#)....


You could see a guardian serpent.

Vanquished Creatures
  Josephine (Lair:4)
  A fire dragon (Lair:6)
  7 hydras
  Harold (D:7)
  Erica (D:8)
  A two-headed ogre (D:8)
  Urug (Lair:3)
  2 unseen horrors (D:11)
  A swamp dragon (Lair:6)
  9 elephants
  A cyclops (D:11)
  7 black mambas
  2 rime drakes (Lair:3)
  9 spiny frogs
  6 komodo dragons
  2 polar bears
  Prince Ribbit (D:9)
  A merfolk (D:10)
  A jumping spider (Lair:2)
  3 hornets (Lair:6)
  7 blink frogs (Lair:4)
  2 hippogriffs
  4 dream sheep (Lair:2)
  3 slime creatures (Lair:6)
  2 redbacks (Lair:6)
  A shadow (D:11)
  9 wyverns
  25 yaks
  4 wraiths
  A hungry ghost (D:9)
  4 steam dragons (Lair:6)
  A basilisk (Lair:2)
  Edmund (D:4)
  An acid dragon (Lair:6)
  12 water moccasins
  12 porcupines
  5 orc warriors
  2 swamp drakes (Lair:6)
  An ice beast (D:10)
  A black bear (Lair:3)
  6 ogres
  A sky beast (D:11)
  3 phantoms
  2 necrophages
  3 centaurs
  5 wolves (Lair:1)
  17 crocodiles
  5 elf zombies (Ossuary)
  A gnoll sergeant (D:8)
  4 bullfrogs
  3 scorpions
  4 killer bees (D:11)
  7 wights
  5 howler monkeys
  9 crimson imps
  A centaur zombie (D:11)
  2 jellies
  An orc priest (D:11)
  2 bullfrog skeletons
  5 hounds
  2 iguanas
  8 orc wizards
  A centaur skeleton (D:7)
  7 worker ants
  2 big kobold zombies (Ossuary)
  5 mummies
  9 adders
  12 gnolls
  4 river rats (D:6)
  An ooze (D:3)
  An adder zombie (D:9)
  2 adder skeletons
  10 worms
  2 dart slugs
  4 leopard geckos
  43 orcs
  10 bats
  7 giant cockroaches
  10 goblins
  10 hobgoblins
  9 jackals
  7 kobolds
  3 quokkas
  3 ball pythons
  5 frilled lizards
  A goblin zombie (Ossuary)
  8 hobgoblin zombies (Ossuary)
  A jackal skeleton (D:6)
  2 jackal zombies (Ossuary)
  12 kobold zombies (Ossuary)
  7 orc zombies (Ossuary)
  3 quokka skeletons
  8 rats
  4 fungi
  11 plants
476 creatures vanquished.

Vanquished Creatures (others)
  A hydra (Lair:4)
  2 centaurs
  A goblin (D:2)
  9 fungi
  20 plants
33 creatures vanquished.

Grand Total: 509 creatures vanquished

Notes
Turn   | Place    | Note
-------+----------+-------------------------------------------
     0 | D:1      | Kairos the Vine Stalker Fighter began the quest for the
                  | Orb.
     0 | D:1      | Reached XP level 1. HP: 11/11 MP: 2/2
    73 | D:1      | Reached XP level 2. HP: 16/16 MP: 3/3
   281 | D:1      | Reached skill level 2 in Axes
   879 | D:1      | Reached XP level 3. HP: 19/19 MP: 4/4
  1324 | D:2      | Gained mutation: Your natural rate of healing is unusually
                  | fast. [Vine Stalker growth]
  1324 | D:2      | Reached XP level 4. HP: 22/24 MP: 5/5
  1858 | D:2      | Reached XP level 5. HP: 28/28 MP: 6/6
  2056 | D:3      | Reached skill level 3 in Axes
  2355 | D:3      | Reached skill level 1 in Dodging
  2603 | D:3      | Reached XP level 6. HP: 14/32 MP: 5/7
  3083 | D:4      | Noticed Edmund
  3104 | D:4      | Killed Edmund
  3104 | D:4      | Reached skill level 4 in Axes
  3104 | D:4      | Reached XP level 7. HP: 20/36 MP: 5/8
  3307 | D:4      | Found a radiant altar of Vehumet.
  3913 | D:5      | Entered Level 5 of the Dungeon
  3993 | D:5      | Reached skill level 5 in Axes
  4242 | D:5      | Gained mutation: You have razor-sharp teeth. [Vine Stalker
                  | growth]
  4242 | D:5      | Reached XP level 8. HP: 42/42 MP: 9/9
  4389 | D:5      | Found a staircase to the Ecumenical Temple.
  5200 | D:6      | Reached skill level 6 in Axes
  5241 | D:6      | Found a stormy altar of Qazlal.
  5257 | D:6      | Found a bloodstained altar of Trog.
  5279 | Temple   | Entered the Ecumenical Temple
  5286 | Temple   | Became a worshipper of Warmaster Okawaru
  5336 | D:6      | Found a sand-covered staircase.
  5352 | Ossuary  | Entered an ossuary
  5560 | Ossuary  | Reached skill level 7 in Axes
  5710 | D:6      | Reached * piety under Okawaru
  5710 | D:6      | Reached XP level 9. HP: 39/46 MP: 8/10
  5763 | D:6      | Reached skill level 5 in Shields
  6171 | D:6      | Reached skill level 1 in Stealth
  6288 | D:7      | Reached skill level 8 in Axes
  6378 | D:7      | Noticed Harold
  6384 | D:7      | Killed Harold
  6384 | D:7      | Reached ** piety under Okawaru
  6384 | D:7      | Reached skill level 5 in Fighting
  6384 | D:7      | Reached skill level 9 in Axes
  6825 | D:7      | Got a steaming spear
  6952 | D:8      | Noticed Erica
  6968 | D:8      | Killed Erica
  6968 | D:8      | Reached *** piety under Okawaru
  6968 | D:8      | Reached skill level 10 in Axes
  6968 | D:8      | Reached XP level 10. HP: 40/51 MP: 7/11
  7283 | D:8      | Noticed a two-headed ogre
  7290 | D:8      | Killed a two-headed ogre
  7333 | D:8      | Reached **** piety under Okawaru
  7333 | D:8      | Reached skill level 1 in Invocations
  7507 | D:8      | Found a snail-covered altar of Cheibriados.
  7754 | D:8      | Identified the +4 spear "Jozogemi" {pierce, +Fly rF+ Int-3
                  | SInv} (You found it on level 7 of the Dungeon)
  7794 | D:9      | Found a basalt altar of Yredelemnul.
  7861 | D:9      | Found an opulent altar of Gozag.
  7972 | D:9      | Found a staircase to the Orcish Mines.
  8067 | D:9      | Noticed Prince Ribbit
  8069 | D:9      | Killed Prince Ribbit
  8140 | D:9      | Found a burning altar of Makhleb.
  8157 | D:9      | Reached skill level 11 in Axes
  8512 | D:10     | Entered Level 10 of the Dungeon
  8523 | D:10     | Received a gift from Okawaru
  8714 | D:10     | Reached XP level 11. HP: 56/56 MP: 12/12
  8832 | D:10     | Found a glowing golden altar of the Shining One.
  9243 | D:11     | Reached ***** piety under Okawaru
  9279 | D:11     | Noticed an unseen horror
  9287 | D:11     | Killed an unseen horror
  9378 | D:11     | Noticed a cyclops
  9385 | D:11     | Killed a cyclops
  9627 | D:11     | Noticed an unseen horror
  9634 | D:11     | Killed an unseen horror
  9634 | D:11     | Reached skill level 12 in Axes
  9634 | D:11     | Reached skill level 5 in Armour
  9921 | D:11     | Found a staircase to the Lair.
 10082 | D:11     | Received a gift from Okawaru
 10203 | D:11     | Found Qesuw's Magic Scroll Boutique.
 10214 | D:11     | Bought a scroll of brand weapon for 240 gold pieces
 10214 | D:11     | Bought a scroll of enchant weapon for 90 gold pieces
 10394 | Lair:1   | Entered Level 1 of the Lair of Beasts
 11157 | Lair:2   | Found a staircase to the Swamp.
 11346 | Lair:2   | Found a hole to the Spider Nest.
 11922 | Lair:3   | Gained mutation: You heal very quickly. [Vine Stalker
                  | growth]
 11922 | Lair:3   | Reached XP level 12. HP: 62/62 MP: 13/13
 11946 | Lair:3   | Reached skill level 13 in Axes
 12076 | Lair:3   | Noticed Urug
 12181 | Lair:3   | Noticed a four-headed hydra
 12183 | Lair:3   | Noticed a six-headed hydra
 12189 | Lair:3   | Killed a one-headed hydra
 12194 | Lair:3   | Killed a two-headed hydra
 12284 | Lair:3   | Noticed an eight-headed hydra
 12292 | Lair:3   | Killed a four-headed hydra
 12316 | Lair:3   | Killed Urug
 12322 | Lair:3   | Reached ****** piety under Okawaru
 12716 | Lair:4   | Received a gift from Okawaru
 12719 | Lair:4   | Noticed an eight-headed hydra
 12722 | Lair:4   | Noticed Josephine
 12727 | Lair:4   | Killed a five-headed hydra
 12734 | Lair:4   | Killed Josephine
 12734 | Lair:4   | Reached skill level 14 in Axes
 12737 | Lair:4   | Noticed a seven-headed hydra
 12747 | Lair:4   | Received a gift from Okawaru
 12749 | Lair:4   | Reached XP level 13. HP: 48/67 MP: 12/15
 14152 | Lair:6   | Entered Level 6 of the Lair of Beasts
 14235 | Lair:6   | Reached skill level 15 in Axes
 14266 | Lair:6   | Found a staircase to the Slime Pits.
 14618 | Lair:6   | Reached XP level 14. HP: 74/74 MP: 17/17
 14949 | Lair:6   | Received a gift from Okawaru
 14952 | Lair:6   | Got a bloodstained hat {god gift}
 14963 | Lair:6   | Identified the +1 hat of Xuwux {rN+ MR- Str+3 Int+8}
                  | (Okawaru gifted it to you on level 6 of the Lair of Beasts)
 15069 | Lair:6   | Killed from afar by a guardian serpent

Skill      XL: |  1  2  3  4  5  6  7  8  9 10 11 12 13 14 |
---------------+-------------------------------------------+-----
Shields        | 3 4 5 6 7 8 9 |  9.8
Axes           | 2 3 4 5 7 10 11 12 14 15 | 15.5
Fighting       | 3 4 5 6 7 8 |  8.8
Armour         | 3 4 5 6 |  6.5
Dodging        | 1 2 3 4 |  4.0
Stealth        | 2 |  2.6
Invocations    | 1 2 3 |  3.7
Polearms       | |  0.7

Action                   |  1- 3 |  4- 6 |  7- 9 | 10-12 | 13-15 || total
-------------------------+-------+-------+-------+-------+-------++-------
Melee: War axe           |    97 |   239 |   119 |       |       ||   455
       Bite              |    19 |    65 |   116 |   133 |    87 ||   420
       Broad axe         |       |       |   207 |   366 |   237 ||   810
       Spear             |       |       |       |    13 |       ||    13
Invok: Heroism           |       |       |     1 |     7 |     6 ||    14
Evoke: Wand              |       |       |       |     1 |       ||     1
  Use: Scroll            |     2 |     1 |     9 |    11 |     6 ||    29
       Potion            |       |       |       |       |     2 ||     2
 Stab: Held in net/web   |       |       |     1 |       |       ||     1
  Eat: Chunk             |     1 |     6 |    12 |    11 |     4 ||    34
       Ration            |       |       |       |     3 |     1 ||     4
Armor: Scale mail        |    41 |    51 |    81 |   113 |    64 ||   350
Dodge: Dodged            |    22 |    54 |    55 |   100 |    54 ||   285
Block: Shield            |    66 |   194 |   231 |   336 |   168 ||   995
       Reflection        |     3 |       |     7 |    15 |       ||    25
